 Dungeon Crawl Stone Soup version 0.31-a0-1093-gadecf41 (webtiles) character file.

Game seed: 8951606934027190736

60 PurpleRed the Ruffian (level 3, -1/37 HPs)
             Began as a Troll Delver on Nov 28, 2023.
             Slain by an iguana (8 damage)
             ... on level 5 of the Dungeon.
             The game lasted 00:01:02 (156 turns).

PurpleRed the Ruffian (Troll Delver)                 Turns: 156, Time: 00:01:02

Health: -1/37      AC:  4    Str: 22    XL:     3   Next: 82%
Magic:  2/2        EV:  9    Int:  6    God:
Gold:   10         SH:  0    Dex: 11    Spells: 2/2 levels left

rFire   . .          .
                       - Unarmed
rCold   . . .        (no shield)
rNeg    . . .        a - +0 robe
rPois   .            (helmet restricted)
rElec   .            (no cloak)
rCorr   .            (gloves unavailable)
SInv    .            (boots unavailable)
Will    .....        (no amulet)
Stlth   ++           (no ring)
HPRegen 1.06/turn    (no ring)
MPRegen 0.08/turn

%: no passive effects
@: no status effects
A: large, unfitting armour, claws 3, regeneration 1, shaggy fur 1, tough skin 1
a: no special abilities


You were on level 5 of the Dungeon.
You visited 1 branch of the dungeon, and saw 2 of its levels.

You collected 10 gold pieces.

Inventory:

Armour
 a - a +0 robe (worn)
Wands
 f - a wand of digging (3)
Scrolls
 b - a scroll of fog
 c - a scroll of revelation
 d - a scroll of fear
 g - a scroll of teleportation {unknown}
Potions
 e - a potion of haste


   Skills:
 + Level 3.0 Fighting
 - Level 1.5 Dodging
 - Level 2.7 Stealth
 * Level 3.6 Unarmed Combat


You had 2 spell levels left.
You didn't know any spells.
Your spell library was empty.

Dungeon Overview and Level Annotations

Branches:
Dungeon (6/15)
 Temple: D:4-7

Altars:


Innate Abilities, Weirdness & Mutations

You are too large for most types of armour.
You have claws for hands.
Your natural rate of healing is unusually fast.
You are covered in fur. (AC +1)
You have tough skin. (AC +1)


Message History

The white imp hits you but does no damage.
You barely miss the white imp. Your claw misses the white imp.
The white imp hits you. The white imp freezes you.
You barely miss the white imp. The white imp completely misses you.
You barely miss the white imp. The white imp misses you.
You scratch the white imp but do no damage.
The white imp hits you but does no damage.
You claw the white imp!
You kill the white imp!
g - a scroll labelled ITWONEM UN OTE 2 orcs come into view.
An orc is wielding a +2 heavy hand axe.
The orc moves out of view.
There is an open door here.
The orc shouts!
The iguana hisses angrily.
You see here a +0 short sword.
There is a stone staircase leading up here.
You scratch the iguana.
The iguana is moderately wounded.
The iguana hisses menacingly.
The iguana closely misses you.
You barely miss the iguana.
The iguana is moderately wounded.
The iguana bites you. The iguana bites you!
The orc hits you with a +2 heavy hand axe.
You climb upwards.
There is a stone staircase leading down here.
You closely miss the iguana.
The iguana is moderately wounded.
The iguana bites you!
You claw the iguana!
The iguana is severely wounded.
The orc hits you with a +2 heavy hand axe!
* * * LOW HITPOINT WARNING * * *
The iguana bites you but does no damage.
You scratch the iguana.
The iguana is severely wounded.
The iguana bites you!
You die...

.## #........#.#.#
....####.#.##.....# #
............#...#########.#
........###...#...........#
........# #...#...#.....##
........# ##.#####....###
######### #..##.#..###
##..#o#..# ##..@l..#
###.#.## #.#..# #.##.# #.#
.# #.. .# ### ##


You could see an iguana and an orc.

Vanquished Creatures
  A jelly (D:5)
  2 white imps (D:6)
  2 ufetubi
  3 orcs
8 creatures vanquished.

Notes
Turn   | Place    | Note
-------+----------+-------------------------------------------
     0 | D:5      | PurpleRed the Troll Delver began the quest for the Orb.
     0 | D:5      | Reached XP level 1. HP: 22/22 MP: 0/0
    29 | D:6      | Noticed a jelly
    33 | D:5      | Killed a jelly
    34 | D:5      | Reached XP level 2. HP: 29/29 MP: 1/1
    34 | D:5      | Reached XP level 3. HP: 36/36 MP: 2/2
   156 | D:5      | Slain by an iguana

Illustrated notes

Levels and vault maps discovered:
D:5:      layout_basic, nicolae_ashenzari_panopticon, minivault_27
D:6:      layout_gridville, nicolae_kikubaaqudgha_miasma_corner, tgw_sif

Skill      XL: |  1  2  3 |
---------------+----------+-----
Unarmed Combat | 3 |  3.6
Fighting       | 3 |  3.0
Dodging        | |  1.5
Stealth        | |  2.7

Action                     || total
---------------------------++-------
  Melee: Unarmed           ||    26
 Armour: Robe              ||    33
  Dodge: Dodged            ||    23

Table legend: (Time is in decaauts)
 A = Elapsed time spent in this place.
 B = Non-inter-level travel time spent in this place.
 C = Inter-level travel time spent in this place.
 D = Time resting spent in this place.
 E = Time spent auto-exploring this place.
 F = Levels seen in this place.
 G = Mean time per level.
                   A        B        C        D        E       F      G
               +--------+--------+--------+--------+--------+-----+--------+
         Total |    158 |    158 |      0 |     31 |      0 |   2 |   79.0 |
       Dungeon |    158 |    158 |      0 |     31 |      0 |   2 |   79.0 |
               +--------+--------+--------+--------+--------+-----+--------+

Top non-repeatable levels by time:
     D:6: 80 daAuts
     D:5: 77 daAuts
